Map: Year Zero LE

Players

Casper - Winner!

  • Race: Terran Terran
  • League: Silver
  • Spawn Location: 1:00

TiPtOP

  • Race: Terran Terran
  • League: Silver
  • Spawn Location: 11:00

VOD

Have the link to the VOD?

Description

Time

  • Played on: May 12, 2019, 11:14 p.m.
  • Length: 20:29
Show
View Real Time Build Order
Export as new Build Order

Casper Terran - Winner!

Build Orders:  

Get SALT Encoding   

  12  0:01  SCV  
  13  0:16  SCV  
  13  0:17  Refinery  
  14  0:28  SCV  
  14  0:34  Supply Depot  
  15  0:55  SCV  
  16  1:00  Barracks  
  16  1:07  SCV  
  16  1:10  Supply Depot  
  17  1:22  SCV  
  18  1:34  SCV  
  18  1:35  Supply Depot  
  19  1:46  SCV  
  20  1:58  SCV  
  21  2:02  Barracks  
  21  2:07  Barracks Tech Lab  
  21  2:10  SCV  
  23  2:22  SCV  
  23  2:37  Barracks  
  23  2:47  Marauder  
  23  2:48  Engineering Bay  
  23  2:49  Combat Shield  
  25  2:53  SCV  
  25  2:54  Refinery  
  26  2:58  Barracks Reactor  
  26  3:05  SCV  
  27  3:08  Marauder  
  29  3:23  Factory  
  29  3:27  Orbital Command  
  29  3:29  Barracks Reactor  
  29  3:30  Marauder  
  31  3:45  Marine x2  
  33  3:51  Marauder  
  35  3:57  Terran Infantry Weapons Level 1  
  35  4:03  Marine x2  
  35  4:07  Factory Tech Lab  
  37  4:10  Marine x2  
  39  4:21  Supply Depot  
  39  4:28  Marine x2, Marauder  
  39  4:30  Marine x2  
  45  4:43  Supply Depot  
  45  4:45  Marine  
  45  4:48  Marine, Starport  
  45  4:51  Marine  
  48  4:54  Marine  
  48  4:57  Marine  
  50  5:05  Marine  
  50  5:06  Marine  
  52  5:10  Marauder  
  54  5:14  Marine  
  55  5:38  Medivac x2  
  55  5:40  Barracks Reactor  
  59  5:46  Marine x2  
  61  6:04  Marine x2  
  61  6:07  Medivac  
  61  6:10  Marauder  
  67  6:22  Marine x2  
  69  6:31  Marauder  
  71  6:55  Command Center  
  71  7:22  Missile Turret  
  71  7:23  Missile Turret  
  71  7:27  Siege Tank  
  71  7:28  Marine  
  71  7:29  Marine  
  46  7:43  Missile Turret  
  38  7:44  Missile Turret  
  38  7:46  Marine  
  39  7:58  Missile Turret  
  39  8:06  Missile Turret  
  39  8:15  Bunker  
  39  8:22  Siege Tank  
  42  8:37  Fusion Core  
  42  8:43  Starport  
  42  8:46  SCV  
  43  8:48  Bunker  
  43  8:54  Siege Tank  
  46  8:55  Starport  
  46  8:58  SCV  
  47  9:10  SCV  
  48  9:18  Refinery  
  48  9:22  SCV  
  48  9:23  Refinery  
  49  9:34  SCV  
  50  9:44  Starport Tech Lab  
  50  9:46  SCV  
  51  9:58  SCV  
  52  10:16  Battlecruiser  
  58  10:32  Starport Tech Lab  
  40  11:47  Battlecruiser x2  
  49  12:27  Command Center  
  49  12:51  Battlecruiser  
  55  12:53  Battlecruiser  
  59  13:55  Battlecruiser  
  57  14:54  Battlecruiser  
  63  15:59  Refinery, Command Center  
  63  16:00  Refinery  
  63  16:04  Orbital Command  
  63  17:10  SCV  
  64  17:21  SCV  
  64  17:22  SCV  
  66  17:33  SCV  
  67  17:39  Battlecruiser  
  73  17:45  SCV  
  74  17:57  SCV  
  63  18:09  SCV  
  64  18:13  Battlecruiser  
  70  18:24  SCV  
  71  18:29  SCV  
  71  18:34  Refinery  
  72  18:35  Refinery  
  72  18:37  SCV  
  72  18:41  SCV  
  74  18:49  SCV  
  74  18:53  SCV  
  76  19:01  SCV  
  77  19:05  SCV  
  78  19:43  Supply Depot  
  78  19:45  Supply Depot  
  78  19:51  SCV x2  
  74  20:03  SCV  
  74  20:05  Supply Depot  
  75  20:10  Supply Depot  
  75  20:14  SCV  
  76  20:15  SCV  
  79  20:29  Command Center  
Show
View Real Time Build Order
Export as new Build Order

TiPtOP Terran 

Build Orders:  

Get SALT Encoding   

  12  0:01  SCV  
  13  0:13  SCV  
  14  0:19  Supply Depot  
  14  0:25  SCV  
  15  0:41  SCV  
  16  0:44  Barracks  
  16  0:53  SCV  
  17  1:00  Refinery  
  17  1:05  SCV  
  18  1:17  SCV  
  19  1:23  Barracks  
  19  1:29  SCV  
  20  1:32  Marine  
  20  1:34  Supply Depot  
  21  2:01  SCV  
  22  2:06  Barracks Reactor  
  22  2:12  Command Center  
  22  2:13  SCV  
  23  2:23  Barracks Tech Lab  
  23  2:25  SCV  
  23  2:33  Supply Depot  
  23  2:37  SCV  
  23  2:42  Marine x2  
  23  2:43  Marine  
  27  2:46  Stimpack  
  27  2:50  SCV  
  28  2:58  Barracks  
  28  3:07  Supply Depot  
  28  3:24  Marine x3  
  31  3:32  Factory  
  31  3:37  SCV  
  31  3:40  Orbital Command  
  32  3:49  SCV  
  32  3:50  Supply Depot  
  32  3:53  Marine x2  
  36  3:59  Barracks Reactor  
  35  4:05  SCV  
  36  4:14  SCV  
  37  4:18  Orbital Command  
  37  4:20  Factory Reactor  
  37  4:28  Starport  
  37  4:29  Marine  
  37  4:30  Marine x2  
  40  4:40  Refinery  
  40  4:43  SCV  
  40  4:45  Marine x2  
  41  4:49  Marine x3  
  46  4:53  Supply Depot  
  46  4:55  SCV  
  47  5:10  Marine x2  
  47  5:11  Marine x3  
  52  5:17  SCV x2  
  54  5:29  SCV  
  54  5:31  Marine x2  
  54  5:32  Marine x3  
  60  5:47  SCV x2  
  60  5:49  Marine x3  
  64  5:50  Factory Tech Lab  
  64  5:54  Supply Depot  
  65  6:06  Marine x2  
  65  6:07  Marine x2  
  65  6:09  Medivac  
  65  6:10  Medivac  
  73  6:15  Siege Tank  
  76  6:25  SCV x2  
  78  6:30  Supply Depot  
  78  6:40  Marine  
  78  6:41  Marine x2  
  81  6:48  Siege Tank  
  84  6:54  Supply Depot  
  84  6:59  Bunker  
  84  7:02  Marine x5  
  84  7:05  Medivac  
  91  7:18  Combat Shield  
  91  7:20  Siege Tank  
  86  7:54  Marine x5  
  86  7:57  Siege Tank  
  94  8:07  Engineering Bay  
  94  8:17  Marine x5  
  99  8:32  Siege Tank  
  102  9:12  Supply Depot  
  102  9:15  Supply Depot  
  102  9:16  Supply Depot  
  102  9:23  Command Center  
  102  9:33  Siege Tank, Marine x5  
  102  9:34  Supply Depot  
  107  9:51  Marine x2  
  109  9:53  Command Center  
  109  9:56  Supply Depot  
  109  9:57  Marine  
  109  9:58  Marine x2  
  112  10:09  Marine x2  
  114  10:44  Marine x2, Starport  
  114  10:45  Marine x3  
  114  10:46  Siege Tank  
  119  11:02  Marine x3  
  119  11:03  Marine  
  120  11:19  Siege Tank  
  113  11:44  Starport Tech Lab  
  113  12:10  SCV  
  113  12:13  SCV  
  116  12:22  SCV  
  116  12:25  SCV  
  116  12:26  Marine  
  116  12:27  Marine x4  
  122  12:31  Terran Infantry Weapons Level 1  
  122  12:34  SCV  
  122  12:36  Engineering Bay  
  123  12:37  SCV  
  124  12:44  Marine x2  
  124  12:47  SCV  
  127  13:08  SCV  
  127  13:11  Refinery  
  128  13:13  Refinery  
  128  13:14  SCV  
  129  13:20  SCV  
  129  13:27  SCV  
  131  13:32  SCV  
  136  13:39  SCV  
  136  13:40  Fusion Core  
  137  13:44  Missile Turret, SCV  
  137  13:51  SCV  
  127  13:57  SCV  
  127  14:02  Marine x5  
  135  14:03  SCV  
  137  14:20  Marine x5  
  87  14:36  SCV  
  87  14:37  Marine  
  87  14:38  Marine x4  
  92  14:43  Engineering Bay  
  81  14:45  Starport  
  81  14:48  SCV  
  81  14:50  SCV  
  81  14:51  Supply Depot  
  80  14:53  Refinery  
  80  14:55  Marine x3  
  77  15:02  SCV  
  41  15:57  Starport Tech Lab  
  35  16:10  Factory  
  25  16:22  Missile Turret  
  25  16:30  SCV  
  27  16:32  SCV  
  27  16:42  SCV  
  27  16:45  SCV  
  29  16:50  Missile Turret  
  29  16:53  Missile Turret x2  
  23  16:55  Missile Turret  
  23  16:57  SCV  
  18  17:08  Missile Turret x3  
  17  17:11  Missile Turret x2  
  17  17:12  Viking, Missile Turret x3  
  17  17:14  Missile Turret  
  17  17:23  Missile Turret  
  17  17:36  Factory Reactor  
  17  17:43  Missile Turret  
  14  18:04  Missile Turret  
  7  18:24  Missile Turret  
  3  18:50  Command Center  
  3  19:26  Supply Depot  
  2  20:04  Command Center  
Tags
 
Add a new tag
Caveats
  • Supply blocks, unpowered buildings, or Contaminate may cause inaccurate times.
  • Supply counts are checked every 10 seconds.